 Dungeon Crawl Stone Soup version 0.17-a0-854-g4a4ba72 (webtiles) character file.

191626 namelastname112 the Sharpshooter (level 17, -1/156 HPs)
             Began as a Green Draconian Hunter on Apr 28, 2015.
             Was the Champion of Okawaru.
             Slain by an entropy weaver (14 damage)
             ... on level 2 of the Spider Nest.
             The game lasted 02:22:56 (45217 turns).

namelastname112 the Sharpshooter (DrHu)            Turns: 45217, Time: 02:23:05

Health: -1/156     AC: -1    Str: 16    XL:     17   Next: 58%
Magic:  23/24      EV: 30    Int: 17    God:    Okawaru [******]
Gold:   2258       SH:  0    Dex: 25    Spells: 3 memorised, 26 levels left

rFire  + . .     SeeInvis .     b - +8 triple crossbow "Pylef" {penet, rF+ Int+4}
rCold  + . .     Clarity  .     (armour unavailable)
rNeg   . . .     SustAb   .     (no shield)
rPois  +         Gourm    .     v - +2 hat
rElec  +         Spirit   .     X - +2 cloak of Starlight {rElec rC+ EV+4 Stlth--}
rCorr  .         Warding  .     H - +1 pair of gloves {archery}
rMut   .         Stasis   .     T - +2 pair of boots {run}
MR     +....                    O - amulet of faith
Stlth  ..........               n - +3 ring of dexterity
                                G - +2 ring of slaying

@: corroded equipment, very slightly contaminated, quick, somewhat resistant to
hostile enchantments, extremely unstealthy
A: breathe noxious fumes, unfitting armour, stinger 2, agile 2, blink 1, low mp
1, poison resistance, screaming 1, strong 1, cold-blooded, AC +9
a: Breathe Noxious Fumes, Blink, Heroism, Finesse, Renounce Religion
}: 1/15 runes: decaying


You were on level 2 of the Spider Nest.
You worshipped Okawaru.
Okawaru was exalted by your worship.
You were not hungry.

You visited 6 branches of the dungeon, and saw 34 of its levels.
You visited the Abyss 1 time.
You also visited: Labyrinth and Volcano.

You collected 3576 gold pieces.
You spent 1318 gold pieces at shops.

Inventory:

Hand weapons
 a - a +1 quarterstaff of electrocution
 b - the +8 triple crossbow "Pylef" (weapon) {penet, rF+ Int+4}
   (Okawaru gifted it to you on level 5 of the Lair of Beasts)

   Ammo fired by it will pass through the targets it hits, potentially hitting
   all targets in its path until it reaches maximum range.
   It affects your intelligence (+4).
   It protects you from fire.
 A - a +0 blowgun
Missiles
 c - 261 bolts
 q - 31 silver bolts
 r - 59 bolts of frost
 E - 44 bolts of penetration
 N - 23 bolts of flame
 Q - 18 steel bolts (quivered)
 Y - 12 curare-tipped needles
 Z - 15 poisoned bolts
Armour
 v - a +2 hat (worn)
 C - the +0 pair of gloves of Protective Custody {rPois Str+4}
   (Okawaru gifted it to you on level 3 of the Swamp)

   It affects your strength (+4).
   It protects you from poison.
 H - a +1 pair of gloves of archery (worn)
 T - a +2 pair of boots of running (worn)
 X - the +2 cloak of Starlight (worn) {rElec rC+ EV+4 Stlth--}
   (You acquired it on level 7 of the Lair of Beasts)

   It affects your evasion (+4).
   It protects you from cold.
   It insulates you from electricity.
   It makes you much less stealthy.
Rods
 J - a +1 rod of destruction (9/9)
   (You found it in a labyrinth)
Jewellery
 n - a +3 ring of dexterity (right hand)
 B - a cursed ring of teleportation {unknown}
 G - a +2 ring of slaying (left hand)
 O - an amulet of faith (around neck)
Magical devices
 g - a wand of draining (10)
 h - a wand of cold (5)
 j - a wand of teleportation (1)
 y - a wand of cold (3)
 L - a wand of fire (11)
 P - a wand of draining (7)
 R - a wand of teleportation (2)
 S - a wand of hasting (2)
Scrolls
 e - 5 scrolls of identify
 i - 7 scrolls of teleportation
 l - 2 scrolls of enchant armour
 o - 12 scrolls of remove curse
 w - 3 scrolls of recharging
 D - 2 scrolls of fog
 F - a scroll of blinking
 U - 3 scrolls of summoning
Potions
 m - 2 potions of cancellation
 p - a potion of haste
 s - 10 potions of curing
 t - 3 potions of might
 u - 4 potions of flight
 z - 3 potions of magic
 I - 2 potions of berserk rage
 K - 9 potions of heal wounds
 V - 2 potions of agility
 W - a potion of invisibility
Books
 k - a Young Poisoner's Handbook

   Spells                             Type                      Level
   a - Sting                          Conjuration/Poison           1
   b - Cure Poison                    Poison                       2
   c - Mephitic Cloud                 Conjuration/Poison/Air       3
   d - Olgreb's Toxic Radiance        Poison                       4
   e - Venom Bolt                     Conjuration/Poison           5
 x - a Necronomicon {highlevel, unknown}

   This book is beyond your current level of understanding.

   Spells                             Type                      Level
   a - Haunt                          Necromancy/Summoning         7
   b - Borgnjor's Revivification      Necromancy                   8
   c - Death's Door                   Charms/Necromancy            8
   d - Necromutation                  Transmutation/Necromancy     8
Comestibles
 d - 16 bread rations
 f - 9 fruits


   Skills:
 + Level 15.1 Fighting
 + Level 13.1 Staves
 * Level 17.6 Crossbows
 + Level 12.7 Dodging
 - Level 0.8 Stealth
 + Level 7.0 Spellcasting
 + Level 7.3 Translocations


You had 26 spell levels left.
You knew the following spells:

 Your Spells              Type           Power        Failure   Level  Hunger
a - Blink                 Tloc           N/A          1%          2    None
b - Summon Butterflies    Summ           #.......     14%         1    None
c - Apportation           Tloc           ####......   1%          1    None


Dungeon Overview and Level Annotations

Branches:
Dungeon (15/15)            Temple (1/1) D:6            Lair (8/8) D:11
  Swamp (4/4) Lair:5       Spider (2/4) Lair:4        Slime (0/6) Lair:8
    Orc (4/4) D:9             Elf (0/3) Orc:3        Vaults (0/5) D:14
 Depths (0/5) D:15

Altars:
Ashenzari
Cheibriados
Dithmenos
Elyvilon
Fedhas
Gozag
Kikubaaqudgha
Makhleb
Nemelex Xobeh
Okawaru
Qazlal
Ru
Trog
Vehumet
Yredelemnul
Zin
The Shining One
Beogh

Shops:
D:4 [   D:5 [   D:6 %   D:11 :   D:12 !   Orc:4 !%?:

Annotations:
D:8 1 exclusion
Lair:2 exclusion: oklob plant


Innate Abilities, Weirdness & Mutations

You can breathe blasts of noxious fumes.
Your lurid green scales are hard (AC +9).
Your body does not fit into most forms of armour.
Your tail ends in a sharp poisonous barb.
Your system is resistant to poisons.
You are cold-blooded and may be slowed by cold attacks.
You are very agile. (Dex +4)
You can translocate small distances at will.
Your magical capacity is low (-10% MP).
You occasionally shout uncontrollably at your foes.
Your muscles are strong. (Str +2)


Message History

Press: ? - help, Shift-Dir - straight line, f/p - entropy weaver
Aim: an entropy weaver (almost dead, catching its breath)
You shoot a steel bolt.
The steel bolt closely misses the entropy weaver.
The entropy weaver hits you!
* * * LOW HITPOINT WARNING * * *
The entropy weaver hits you!
* * * LOW HITPOINT WARNING * * *
The entropy weaver hits you.
* * * LOW HITPOINT WARNING * * *
The entropy weaver hits you!
* * * LOW HITPOINT WARNING * * *
The jumping spider leaps!
Cast which spell? (? or * to list)
You miscast Summon Butterflies.
You are very lightly contaminated with residual magic.
Your brain hurts!
The jumping spider leaps!
The entropy weaver completely misses you.
The entropy weaver barely misses you. The entropy weaver hits you!
You die...

..§.. .........≈#
.$.......^.#
............##
..............###
..≈.....§........
.................
........s.p(..(....
.........@^....(... ...
........†.......... ≈...
............#......
....................#...#
...............(^(.....##
............#≈....^#..^.
.^................#≈≈#.
...........#.†##≈###≈#
..........≈..≈#### ##


You could see an entropy weaver and a jumping spider.

Vanquished Creatures
  Nikola (Swamp:2)
  Rupert (Lair:5)
  Agnes (D:14)
  Frances (D:13)
  The ghost of RobertPalmer the Sharpshooter, a mighty KoHu of Okawaru (Swamp:4)
  Kirke (Lair:5)
  2 thorn hunters
  An azure jelly (Swamp:4)
  Maud (D:10)
  An orc warlord (Orc:4)
  2 emperor scorpions (Spider:1)
  2 green draconians (Swamp:1)
  A very ugly thing (Swamp:1)
  A dire elephant (Lair:8)
  4 vault guards
  A minotaur (Lab)
  2 entropy weavers (Spider:1)
  Josephine (Lair:4)
  Fannar (Orc:1)
  Harold (Lair:1)
  12 hydras
  4 ice dragons
  A catoblepas (Lair:8)
  3 ghost crabs
  A centaur warrior (D:15)
  10 death yaks
  5 alligators
  A deep troll shaman (Lair:8)
  2 salamander stormcallers (D:15)
  A tengu warrior (D:13)
  7 orc high priests (Orc:4)
  Nergalle (Lair:3)
  4 unseen horrors
  A spriggan druid (Swamp:3)
  3 skeletal warriors
  5 swamp dragons
  4 shambling mangroves
  5 hill giants
  A lindwurm (Lair:6)
  4 orc knights
  8 orc sorcerers
  An ugly thing (D:13)
  5 orb spiders (Spider:1)
  A salamander (D:15)
  2 cyclopes (D:11)
  2 manticores
  A griffon (Lair:4)
  A harpy (Lair:5)
  A wolf spider zombie (D:14)
  8 wolf spiders
  11 slime creatures
  2 centaur zombies (D:15)
  Maurice (D:13)
  A hornet (Swamp:1)
  23 elephants
  A gargoyle (D:15)
  2 molten gargoyles (Volcano)
  7 black mambas
  2 centaur skeletons
  21 spiny frogs
  2 efreet
  8 komodo dragons
  6 yaktaurs
  2 demonic crawlers (Spider:1)
  7 kobold demonologists
  5 jumping spiders
  6 fire drakes
  2 red devils (Volcano)
  9 trolls
  A deep elf priest (D:8)
  A tengu conjurer (D:13)
  4 freezing wraiths (Swamp:4)
  6 bog bodies
  12 giant leeches
  16 ravens
  20 blink frogs
  5 two-headed ogres
  3 wandering mushrooms (D:8)
  6 hogs
  6 trapdoor spiders
  A deep elf fighter (D:14)
  2 deep elf magi
  A spriggan (Swamp:3)
  3 wyverns
  2 shadows
  A trapdoor spider (shapeshifter) (D:15)
  A vampire (D:15)
  10 redbacks
  A steam dragon (Lair:6)
  5 wraiths
  A human (D:14)
  5 tarantellas
  A fire bat (Volcano)
  5 hippogriffs
  3 hungry ghosts
  7 basilisks
  5 wargs
  12 vampire mosquitoes
  8 wolves
  5 swamp worm simulacra (Swamp:4)
  Menkaure (D:4)
  47 yaks
  A mottled dragon (D:12)
  17 swamp worms
  17 water moccasins
  2 soldier ants
  2 spatial vortices (Swamp:2)
  15 insubstantial wisps
  14 hydra simulacra (Swamp:4)
  A hell hound (Volcano)
  9 porcupines
  3 phantoms
  19 swamp drakes
  7 sky beasts
  4 ice beasts
  8 spiders
  56 orc warriors
  A necrophage (D:11)
  21 ogres
  3 wasps
  2 black bears (Lair:8)
  5 big kobolds
  11 centaurs
  A boring beetle (Lair:4)
  19 giant frogs
  21 crocodiles
  7 scorpions
  2 troll zombies (D:15)
  2 vampire bats (D:7)
  16 killer bees
  8 electric eels
  12 jellies
  A lava snake (Volcano)
  2 wights
  13 crimson imps
  2 giant frog zombies
  A human zombie (D:15)
  3 giant frog skeletons
  55 orc wizards
  10 hounds
  A human skeleton (D:15)
  8 iguanas
  40 orc priests
  14 worker ants
  12 sheep (Lair:6)
  A hound zombie (D:5)
  An ogre zombie (D:15)
  2 hound skeletons
  2 mummies (D:15)
  Robin (D:4)
  8 gnolls
  18 adders
  82 river rats
  3 shadow imps (D:8)
  A white imp (D:10)
  3 oozes
  2 adder skeletons
  3 swamp drake simulacra (Swamp:4)
  5 worms
  5 giant geckos
  344 orcs
  4 bat skeletons
  3 bat zombies
  19 hobgoblins
  14 jackals
  8 quokkas
  8 bats
  2 giant cockroaches
  2 giant gecko skeletons
  6 giant newts
  A giant spore (D:8)
  44 goblins
  46 kobolds
  An orc skeleton (D:15)
  13 rats
  8 ballistomycetes
  A fungus (Lair:3)
  5 plants
1591 creatures vanquished.

Vanquished Creatures (others)
  A swamp worm (Swamp:2)
  2 swamp drakes
  A worker ant zombie (D:8)
  2 gnolls (D:8)
  A kobold (D:4)
  3 giant spores
  A briar patch (Swamp:4)
  2 butterflies (Swamp:3)
  8 fungi
  6 plants
27 creatures vanquished.

Grand Total: 1618 creatures vanquished

Notes
Turn   | Place    | Note
--------------------------------------------------------------
     0 | D:1      | namelastname112, the Draconian Hunter, began the quest for the Orb.
     0 | D:1      | Reached XP level 1. HP: 17/17 MP: 1/1
   207 | D:1      | Reached XP level 2. HP: 6/25 MP: 2/2
   610 | D:1      | Reached skill level 4 in Crossbows
  1015 | D:2      | Reached XP level 3. HP: 10/30 MP: 3/3
  1329 | D:2      | Found an opulent altar of Gozag.
  1710 | D:2      | Reached XP level 4. HP: 6/37 MP: 4/4
  2427 | D:2      | Reached XP level 5. HP: 20/45 MP: 5/5
  3305 | D:3      | Reached skill level 5 in Crossbows
  4198 | D:4      | Reached XP level 6. HP: 26/52 MP: 6/6
  4832 | D:4      | Noticed an ogre
  4840 | D:4      | Found a snail-covered altar of Cheibriados.
  4840 | D:4      | Found a glowing golden altar of the Shining One.
  4842 | D:4      | Found a bloodstained altar of Trog.
  4936 | D:4      | Killed an ogre
  4936 | D:4      | Reached skill level 1 in Staves
  5047 | D:4      | Your scales start taking on a lurid green colour.
  5047 | D:4      | Gained mutation: Your system is resistant to poisons. [Green Draconian growth]
  5047 | D:4      | Reached XP level 7. HP: 29/60 MP: 7/7
  5334 | D:4      | Found a shadowy altar of Dithmenos.
  5438 | D:4      | Noticed Menkaure
  5455 | D:3      | Reached skill level 6 in Crossbows
  6027 | D:4      | Noticed a phantom
  6064 | D:4      | Killed a phantom
  6085 | D:4      | Reached skill level 5 in Fighting
  6185 | D:4      | Noticed Robin
  6272 | D:4      | Killed Menkaure
  6416 | D:4      | Killed Robin
  6475 | D:4      | Reached XP level 8. HP: 36/68 MP: 8/8
  6704 | D:4      | Found Badgh's Armour Boutique.
  6877 | D:4      | Reached skill level 7 in Crossbows
  7003 | D:5      | Entered Level 5 of the Dungeon
  7039 | D:5      | Found Kyetuaw's Armour Boutique.
  7512 | D:5      | Reached skill level 5 in Dodging
  8004 | D:5      | Reached skill level 8 in Crossbows
  8196 | D:5      | Reached XP level 9. HP: 78/78 MP: 9/9
  8374 | D:6      | Found Toenluc's Food Shoppe.
  8425 | D:6      | Found a staircase to the Ecumenical Temple.
  8440 | Temple   | Entered the Ecumenical Temple
  8871 | D:7      | Found a burning altar of Makhleb.
  8872 | D:7      | Found a glowing silver altar of Zin.
  8872 | D:7      | Noticed an angel
  8873 | D:7      | Noticed a green death
  9175 | D:7      | Noticed an ogre
  9191 | D:7      | Killed an ogre
  9555 | D:7      | Found an ancient bone altar of Kikubaaqudgha.
  9729 | D:4      | Bought a +2 pair of boots of running for 498 gold pieces
  9919 | D:8      | Reached skill level 5 in Staves
  9919 | D:8      | Reached skill level 9 in Crossbows
  9975 | D:8      | Found a staircase to the Lair.
 10512 | D:8      | Found an iron altar of Okawaru.
 10528 | D:8      | Became a worshipper of Warmaster Okawaru
 10836 | D:8      | Reached XP level 10. HP: 69/86 MP: 10/10
 11184 | D:8      | Found an iron altar of Okawaru.
 11680 | D:9      | Found a staircase to the Orcish Mines.
 12225 | D:9      | Acquired Okawaru's first power
 12225 | D:9      | Reached skill level 10 in Crossbows
 12429 | D:10     | Entered Level 10 of the Dungeon
 12662 | D:10     | Noticed a hill giant
 12683 | D:10     | Killed a hill giant
 13209 | D:10     | Killed an unseen horror
 13209 | D:10     | Reached XP level 11. HP: 31/95 MP: 11/11
 13232 | D:10     | Reached skill level 11 in Crossbows
 13618 | D:10     | Noticed Maud
 13953 | D:10     | Killed Maud
 13953 | D:10     | Received a gift from Okawaru
 13998 | D:10     | Killed an unseen horror
 14028 | D:10     | Got a crystal quarterstaff
 14030 | D:10     | Identified the +3 quarterstaff of Ointment {drain, MR+ Str+4 Stlth+} (You found it on level 10 of the Dungeon)
 14395 | D:10     | Noticed a hill giant
 14401 | D:10     | Killed a hill giant
 14456 | D:10     | Received a gift from Okawaru
 14465 | D:10     | Gained mutation: You occasionally shout uncontrollably at your foes. [potion of mutation]
 14465 | D:10     | Gained mutation: Your magical capacity is low (-10% MP). [potion of mutation]
 14465 | D:10     | Gained mutation: Your tail ends in a poisonous barb. [potion of mutation]
 15088 | D:11     | Gained mutation: Your muscles are strong. (Str +2) [mutagenic meat]
 15089 | D:11     | Gained mutation: You are agile. (Dex +2) [mutagenic meat]
 15090 | D:11     | Gained mutation: You can translocate small distances at will. [mutagenic meat]
 15110 | D:11     | Found an iron altar of Okawaru.
 15169 | D:11     | Found a shattered altar of Ashenzari.
 15367 | D:11     | Received a gift from Okawaru
 15499 | D:11     | Noticed a skeletal warrior
 15499 | D:11     | Noticed a skeletal warrior
 15501 | D:11     | Noticed a skeletal warrior
 15502 | D:11     | Noticed a skeletal warrior
 15519 | D:11     | Found a staircase to the Lair.
 15553 | D:11     | Reached skill level 12 in Crossbows
 15604 | D:11     | Found Gauvixta's Book Shop.
 15620 | D:11     | Noticed a skeletal warrior
 15719 | Lair:1   | Entered Level 1 of the Lair of Beasts
 15730 | Lair:1   | Acquired Okawaru's second power
 15768 | Lair:1   | Noticed Harold
 15801 | Lair:1   | Killed Harold
 15801 | Lair:1   | Reached skill level 10 in Fighting
 15801 | Lair:1   | Reached XP level 12. HP: 56/106 MP: 10/10
 16273 | Lair:1   | Noticed a six-headed hydra
 16414 | Lair:1   | Killed a six-headed hydra
 16545 | Lair:1   | Received a gift from Okawaru
 16905 | Lair:2   | Found a labyrinth entrance.
 16913 | Lab      | Entered a labyrinth
 17411 | Lab      | Noticed a minotaur
 17421 | Lab      | Killed a minotaur
 17425 | Lab      | Got a pair of crude boots
 17441 | Lair:2   | Identified the cursed +0 pair of boots of Abstinence {rPois} (You found it in a labyrinth)
 17454 | Lair:2   | Identified a +1 rod of destruction (9/9) (You found it in a labyrinth)
 18253 | Lair:3   | Reached skill level 13 in Crossbows
 18919 | Lair:3   | Noticed a seven-headed hydra
 18927 | Lair:3   | Killed a seven-headed hydra
 18979 | Lair:3   | Noticed Nergalle
 18996 | Lair:3   | Killed Nergalle
 19568 | Lair:4   | Received a gift from Okawaru
 19568 | Lair:4   | Reached XP level 13. HP: 111/116 MP: 11/11
 19745 | Lair:4   | Noticed Josephine
 19782 | Lair:4   | Killed Josephine
 20145 | Lair:4   | Found a hole to the Spider Nest.
 20519 | Lair:4   | Received a gift from Okawaru
 20774 | Lair:5   | Noticed Kirke
 21097 | Lair:5   | Killed Kirke
 21097 | Lair:5   | Reached skill level 10 in Staves
 21097 | Lair:5   | Reached skill level 10 in Dodging
 21648 | Lair:5   | Found a staircase to the Swamp.
 22085 | Lair:5   | Reached skill level 14 in Crossbows
 22643 | Lair:5   | Received a gift from Okawaru
 22651 | Lair:5   | Got a warped triple crossbow {god gift}
 22653 | Lair:5   | Identified the +8 triple crossbow "Pylef" {penet, rF+ Int+4} (Okawaru gifted it to you on level 5 of the Lair of Beasts)
 22723 | Lair:6   | Noticed Rupert
 22723 | Lair:6   | Paralysed by Rupert for 7 turns
 23031 | Lair:6   | Found a dark tunnel.
 23149 | Volcano  | Entered a volcano
 23488 | Volcano  | Found a burning altar of Makhleb.
 24386 | Lair:6   | Received a gift from Okawaru
 24776 | Lair:7   | Received a gift from Okawaru
 24785 | Lair:7   | Identified a scroll of acquirement
 24919 | Lair:7   | Gained mutation: Your tail ends in a sharp poisonous barb. [Green Draconian growth]
 24919 | Lair:7   | Reached XP level 14. HP: 112/126 MP: 12/12
 24939 | Lair:7   | Identified the Incunabulum of Transformation (You found it on level 7 of the Lair of Beasts)
 25071 | Lair:7   | Received a gift from Okawaru
 25968 | Lair:8   | Entered Level 8 of the Lair of Beasts
 26058 | Lair:8   | Found a staircase to the Slime Pits.
 26325 | Lair:7   | Received a gift from Okawaru
 26337 | Lair:7   | Got an ancient cloak {god gift}
 26338 | Lair:7   | Identified the +0 cloak "Venupet" {MR+ Str+2} (Okawaru gifted it to you on level 7 of the Lair of Beasts)
 27009 | Lair:8   | Reached skill level 15 in Crossbows
 27321 | Lair:8   | Received a gift from Okawaru
 27572 | Lair:8   | Received a gift from Okawaru
 27777 | Lair:8   | Received a gift from Okawaru
 28400 | Lair:1   | Learned a level 2 spell: Blink
 28402 | Lair:1   | Learned a level 1 spell: Summon Butterflies
 28404 | Lair:1   | Learned a level 1 spell: Apportation
 28518 | D:11     | Killed a skeletal warrior
 28667 | Orc:1    | Entered Level 1 of the Orcish Mines
 28701 | Orc:1    | Noticed Fannar
 28706 | Orc:1    | Killed Fannar
 28993 | Orc:1    | Found a roughly hewn altar of Beogh.
 29561 | Orc:2    | Reached skill level 1 in Spellcasting
 29893 | Orc:2    | Found a bloodstained altar of Trog.
 29946 | Orc:2    | Reached skill level 1 in Translocations
 30112 | Orc:3    | Found a staircase to the Elven Halls.
 30202 | Orc:3    | Reached XP level 15. HP: 122/136 MP: 13/14
 30883 | Orc:4    | Entered Level 4 of the Orcish Mines
 31462 | Orc:4    | Found Toezxa's Book Boutique.
 31478 | Orc:4    | Found Sudghy's Magic Scroll Shop.
 31546 | Orc:4    | Found a roughly hewn altar of Beogh.
 31891 | Orc:4    | Received a gift from Okawaru
 32294 | Orc:4    | Found a roughly hewn altar of Beogh.
 32350 | Orc:4    | Received a gift from Okawaru
 32369 | Orc:4    | Got a crystal quarterstaff {god gift}
 32371 | Orc:4    | Identified the +2 quarterstaff "Waleab" {drain, +Rage} (Okawaru gifted it to you on level 4 of the Orcish Mines)
 32440 | Orc:4    | Found Vajutyts's Distillery.
 32548 | Orc:4    | Bought a potion of heal wounds for 75 gold pieces
 32548 | Orc:4    | Bought a potion of heal wounds for 75 gold pieces
 32548 | Orc:4    | Bought 2 potions of heal wounds for 150 gold pieces
 32617 | Orc:4    | Found Waryqedu's Food Boutique.
 32870 | Orc:4    | Reached skill level 16 in Crossbows
 33405 | D:12     | Received a gift from Okawaru
 33703 | D:12     | Killed a skeletal warrior
 34198 | D:12     | Found Gawomim's Distillery.
 34211 | D:12     | Bought a potion of curing for 30 gold pieces
 34211 | D:12     | Bought a potion of curing for 30 gold pieces
 34211 | D:12     | Bought a potion of curing for 30 gold pieces
 34211 | D:12     | Bought a potion of curing for 30 gold pieces
 34211 | D:12     | Bought a potion of heal wounds for 50 gold pieces
 34211 | D:12     | Bought a potion of beneficial mutation for 350 gold pieces
 34215 | D:12     | Gained mutation: You are very agile. (Dex +4) [potion of beneficial mutation]
 34799 | D:13     | Noticed Frances
 34815 | D:13     | Killed Frances
 35152 | D:13     | Noticed Maurice
 35156 | D:13     | Killed Maurice
 35567 | D:14     | Noticed Agnes
 35576 | D:14     | Killed Agnes
 35950 | D:14     | Found a gate to the Vaults.
 35958 | D:14     | Received a gift from Okawaru
 36096 | D:14     | Received a gift from Okawaru
 36327 | D:15     | Entered Level 15 of the Dungeon
 36378 | D:15     | Reached XP level 16. HP: 146/146 MP: 19/19
 36978 | D:15     | Received a gift from Okawaru
 36979 | D:15     | Found a staircase to the Depths.
 37214 | D:15     | Found a basalt altar of Yredelemnul.
 38103 | Swamp:1  | Entered Level 1 of the Swamp
 38149 | Swamp:1  | Reached skill level 5 in Spellcasting
 38373 | Swamp:2  | Cast into the Abyss (the power of Zot)
 38421 | Swamp:2  | Escaped the Abyss
 38428 | Swamp:2  | Reached skill level 5 in Translocations
 38432 | Swamp:2  | Received a gift from Okawaru
 38467 | Swamp:2  | Got a pitted buckler {god gift}
 38557 | Swamp:2  | Identified the +0 buckler of the Bulwark {Regen+ MP+9 Str-4 SInv} (Okawaru gifted it to you on level 2 of the Swamp)
 38684 | Swamp:2  | Found a bloodstained altar of Trog.
 38751 | Swamp:2  | Noticed Nikola
 38772 | Swamp:2  | Killed Nikola
 39732 | Lair:5   | Paralysed by Rupert for 6 turns
 40589 | Swamp:3  | Reached skill level 17 in Crossbows
 40685 | Swamp:3  | Received a gift from Okawaru
 40691 | Swamp:3  | Got a pair of encrusted gloves {god gift}
 40693 | Swamp:3  | Identified the +0 pair of gloves of Protective Custody {rPois Str+4} (Okawaru gifted it to you on level 3 of the Swamp)
 41757 | Swamp:4  | Entered Level 4 of the Swamp
 41782 | Swamp:4  | Reached XP level 17. HP: 154/154 MP: 23/23
 41855 | Swamp:4  | Noticed RobertPalmer's ghost (mighty KoHu)
 42250 | Swamp:4  | Killed RobertPalmer's ghost
 42855 | Swamp:4  | Got a decaying rune of Zot
 42935 | Swamp:4  | Received a gift from Okawaru
 43304 | Spider:1 | Entered Level 1 of the Spider Nest
 43368 | Lair:5   | Killed Rupert
 43430 | Spider:1 | Received a gift from Okawaru
 43430 | Spider:1 | Reached skill level 15 in Fighting
 45217 | Spider:2 | Slain by an entropy weaver

Action                   |  1- 3 |  4- 6 |  7- 9 | 10-12 | 13-15 | 16-18 || total
-------------------------+-------+-------+-------+-------+-------+-------++-------
Melee: Short sword       |   164 |   248 |       |       |       |       ||   412
       Quarterstaff      |       |    69 |   788 |   808 |  1986 |   647 ||  4298
       Lajatang          |       |       |       |       |    80 |   198 ||   278
 Fire: Hand crossbow     |     9 |    24 |    22 |    58 |       |       ||   113
       Blowgun           |       |    26 |       |     7 |     8 |       ||    41
       Arbalest          |       |       |       |       |    69 |       ||    69
       Triple crossbow   |       |       |       |       |   134 |   297 ||   431
Throw: Throwing net      |       |       |       |     1 |       |       ||     1
 Cast: Blink             |       |       |       |       |       |     5 ||     5
       Summon Butterflie |       |       |       |       |       |     1 ||     1
Invok: Heroism           |       |       |       |     1 |     1 |     1 ||     3
 Abil: Breathe Noxious F |       |       |    10 |    18 |     9 |     2 ||    39
  Use: Potion            |       |     2 |     4 |     2 |     2 |     1 ||    11
       Scroll            |       |       |    18 |     9 |    20 |     5 ||    52
 Stab: Sleeping          |       |     1 |     1 |    14 |     2 |       ||    18
       Confused          |       |       |     4 |    16 |       |       ||    20
       Distracted        |       |       |     1 |     3 |     1 |       ||     5
  Eat: Chunk             |     2 |    11 |    18 |    22 |    25 |     9 ||    87
       Royal jelly       |       |       |     1 |       |       |       ||     1
       Beef jerky        |       |       |     1 |     3 |     3 |     1 ||     8
       Pizza             |       |       |       |     2 |     1 |       ||     3
       Bread ration      |       |       |       |     1 |       |     1 ||     2
       Meat ration       |       |       |       |       |     5 |     2 ||     7
       Fruit             |       |       |       |       |     3 |     5 ||     8
